 Dungeon Crawl Stone Soup version 0.29-a0-90-gc37658a0fe (webtiles) character file.

Game seed: 15405613689351438287

3 cyrus the Charlatan (level 1, 0/16 HPs)
             Began as a Draconian Artificer on Feb 7, 2022.
             Slain by a hobgoblin (2 damage)
             ... on level 1 of the Dungeon.
             The game lasted 00:00:41 (114 turns).

cyrus the Charlatan (Draconian Artificer)            Turns: 114, Time: 00:00:41

Health: 0/16       AC:  4    Str: 14    XL:     1   Next: 41%
Magic:  1/1        EV: 12    Int: 11    God:
Gold:   0          SH:  0    Dex: 11    Spells: 0/0 levels left

rFire   . . .      SeeInvis .   a - +0 club
rCold   . . .      Faith    .   (no shield)
rNeg    . . .      Spirit   .   (armour unavailable)
rPois   .          Reflect  .   (helmet restricted)
rElec   .          Harm     .   (no cloak)
rCorr   .          Rampage  .   (no gloves)
Will    .....                   (no boots)
Stlth   +.........              (no amulet)
HPRegen 0.05/turn               (no ring)
MPRegen 0.07/turn               (no ring)

@: no status effects
A: AC +4, unfitting armour, cold-blooded
a: no special abilities


You were on level 1 of the Dungeon.
You visited 1 branch of the dungeon, and saw 1 of its levels.

Inventory:

Hand Weapons
 a - a +0 club (weapon)
Wands
 b - a wand of flame (15) (quivered)
 c - a wand of charming (15)
Miscellaneous
 d - a piece from Xom's chessboard (15/15)


   Skills:
 + Level 1.1 Fighting
 + Level 2.2 Dodging
 + Level 0.8 Stealth
 + Level 3.1 Evocations


You couldn't memorise any spells.
You didn't know any spells.
Your spell library was empty.

Dungeon Overview and Level Annotations

Branches:
Dungeon (1/15)

Altars:


Innate Abilities, Weirdness & Mutations

Your plain brown scales are hard. (AC +4)
You cannot fit into any form of body armour.
You are cold-blooded and may be slowed by cold attacks.


Message History

A ball python is nearby!
The helpless ball python fails to defend itself.
You hit the ball python.
You kill the ball python!
A rat and a hobgoblin come into view.
The rat bites you but does no damage. The rat misses you.
The rat completely misses you.
An endoplasm comes into view.
Found a faded altar of an unknown god.
The endoplasm quivers.
The rat bites you.
The hobgoblin shouts!
The hobgoblin hits you. The endoplasm freezes you.
You are frozen.
Found a cloak.
The endoplasm hits the plant.
The plant begins to die.
The endoplasm hits the plant.
The endoplasm hits the plant.
A nearby plant withers and dies.
The hobgoblin barely misses you.
A kobold comes into view. It is wielding a +0 whip.
The kobold shouts!
The hobgoblin barely misses you.
You hit the kobold.
You kill the kobold!
The hobgoblin hits you. x2
The endoplasm jiggles.
The hobgoblin misses you.
You hit the endoplasm but do no damage. You tail-slap the endoplasm.
The endoplasm is heavily wounded.
The rat bites you but does no damage. The endoplasm misses you.
The hobgoblin completely misses you. The rat bites you but does no damage.
You hit the endoplasm.
You kill the endoplasm!
The hobgoblin barely misses you. The rat bites you.
* * * LOW HITPOINT WARNING * * *
The hobgoblin hits you.
You die...

######## #......###
#########...[.....
#.@........≈≈.≈⌠≈≈
#rg......#.⌠P......
#).......#.⌠.###.≈.
+........+J≈P#_#.≈.
#........#.P.#.#P≈.
............P.#.#.≈.
#.##########....P..≈.
#. #.≈P≈⌠.≈⌠. #
#.........


You could see a hobgoblin and a rat.

Vanquished Creatures
  A ball python (D:1)
  An endoplasm (D:1)
  A kobold (D:1)
3 creatures vanquished.

Vanquished Creatures (others)
  A plant (D:1)
1 creature vanquished.

Grand Total: 4 creatures vanquished

Notes
Turn   | Place    | Note
-------+----------+-------------------------------------------
     0 | D:1      | cyrus the Draconian Artificer began the quest for the Orb.
     0 | D:1      | Reached XP level 1. HP: 16/16 MP: 1/1
    82 | D:1      | Found a faded altar of an unknown god.
   114 | D:1      | Slain by a hobgoblin

Illustrated notes

Levels and vault maps discovered:
D:1:      dpeg_arrival_radiant, layout_basic,
          shapermc_ecumenical_altar_acropolis, serial_shops,
          nicolae_shop_behind_doors, nicolae_shop_waterfront, shop

Action                   || total
-------------------------++-------
Melee: Club              ||     4
       Tailslap          ||     1
 Stab: Sleeping          ||     1
Armor: Skin              ||     3
Dodge: Dodged            ||     8

Table legend: (Time is in decaauts)
 A = Elapsed time spent in this place.
 B = Non-inter-level travel time spent in this place.
 C = Inter-level travel time spent in this place.
 D = Time resting spent in this place.
 E = Time spent auto-exploring this place.
 F = Levels seen in this place.
 G = Mean time per level.
                   A        B        C        D        E       F      G
               +--------+--------+--------+--------+--------+-----+--------+
         Total |    115 |    102 |     13 |      0 |     14 |   1 |  115.0 |
       Dungeon |    115 |    102 |     13 |      0 |     14 |   1 |  115.0 |
               +--------+--------+--------+--------+--------+-----+--------+

Top non-repeatable levels by time:
     D:1: 115 daAuts
